 Dungeon Crawl Stone Soup version 0.31.0-12-g77e489cdc1 (webtiles) character file.

Game seed: 11313388036197836141

222 spaghetti the Cutter (level 5, 0/41 HPs)
             Began as a Human Fighter on Feb 15, 2024.
             Was a Believer of Makhleb.
             Slain by a howler monkey (5 damage)
             ... on level 4 of the Dungeon.
             The game lasted 00:03:33 (2628 turns).

spaghetti the Cutter (Human Fighter)                Turns: 2628, Time: 00:03:33

Health: 0/41       AC:  6    Str: 16    XL:     5   Next: 99%
Magic:  7/7        EV:  8    Int:  8    God:    Makhleb [**....]
Gold:   102        SH:  5    Dex: 15    Spells: 4/4 levels left

rFire   . . .        d - +1 dagger (vamp)
rCold   . . .        c - +0 buckler
rNeg    . . .        b - +0 scale mail
rPois   .            (no helmet)
rElec   .            (no cloak)
rCorr   .            (no gloves)
SInv    .            (no boots)
Will    .....        (no amulet)
Stlth   +            (no ring)
HPRegen 0.26/turn    (no ring)
MPRegen 0.10/turn

%: no passive effects
@: no status effects
A: explore regen
a: Renounce Religion, Minor Destruction


You were on level 4 of the Dungeon.
You worshipped Makhleb.
Makhleb was pleased with you.
You visited 1 branch of the dungeon, and saw 4 of its levels.

You collected 102 gold pieces.

Inventory:

Hand Weapons
 a - a +0 rapier
 d - a +1 vampiric dagger (weapon)
Armour
 b - a +0 scale mail (worn)
 c - a +0 buckler (worn)
Jewellery
 e - a ring of poison resistance
Wands
 l - a wand of flame (18)
Scrolls
 i - 5 scrolls of identify


   Skills:
 - Level 3.0 Fighting
 + Level 4.0 Short Blades
 - Level 3.0 Armour
 + Level 3.5 Stealth
 - Level 3.0 Shields
 + Level 2.8 Invocations


You had 4 spell levels left.
You didn't know any spells.
Your spell library contained the following spells:

 Spells                   Type           Power      Damage    Failure   Level
 Lesser Beckoning         Tloc           0%         N/A       97%         2
 Gell's Gravitas          Tloc           0%         N/A       99%         3
 Teleport Other           Tloc           0%         N/A       99%         3


Dungeon Overview and Level Annotations

Branches:
Dungeon (4/15)
 Temple: D:4-7

Altars:
Dithmenos
Hepliaklqana
Makhleb
The Shining One

Shops:
D:2 [


Innate Abilities, Weirdness & Mutations

You regain HP and MP as you explore.


Message History

* * * LOW HITPOINT WARNING * * *
The orc priest convulses! x2; It was a scroll of torment.
The orc priest hits you with a +1 short sword of protection.
* * * LOW HITPOINT WARNING * * *
The orc priest calls upon Beogh to heal the orc priest.
The orc priest is healed somewhat.
Unknown command.
Unknown command.
Blink to where?
Press: ? - help, Dir - move target
As you read the scroll of blinking, it crumbles to dust.
The howler monkey howls!
Unknown command.
You aren't carrying any potions.
The howler monkey hoots and howls with incredible vigour!
You hear a shout!
You hear a bellow!
You hear a shout!
You hear an angry hiss. x2
You hear a bark!
You hear a shout! x2
Okay, then.
You aren't carrying any potions.
Aiming: Minor Destruction (5% risk of failure)
Press: ? - help, Shift-Dir - straight line, f - howler monkey
Aim: a howler monkey (catching its breath)
The howler monkey writhes in agony.
The howler monkey hits you but does no damage.
Unknown command.
Unknown command.
Unknown command.
Aiming: Minor Destruction (5% risk of failure)
Press: ? - help, Shift-Dir - straight line, f/p - howler monkey
Aim: a howler monkey (moderately wounded, catching its breath)
The howler monkey writhes in agony.
The howler monkey hits you but does no damage.
Unknown command.
Unknown command.
Unknown command.
Aiming: Minor Destruction (5% risk of failure)
Press: ? - help, Shift-Dir - straight line, f/p - howler monkey
Aim: a howler monkey (heavily wounded, catching its breath)
The howler monkey writhes in agony.
The howler monkey hits you.
You die...

..# .. #.# ..
#.# ..### #..##
# ......#####..#
.####
#.h@..##.#......
#####.o.....#
#....##+#
###..### #..o##
#.#o'.?#
#.#.##.# . ... #
# ...


You could see a howler monkey (catching breath) and an orc priest.

Vanquished Creatures
  A scorpion (D:4)
  7 adders
  A river rat (D:3)
  3 ribbon worms
  7 orcs
  7 ball pythons
  8 endoplasms
  4 giant cockroaches
  4 goblins
  6 hobgoblins
  5 jackals
  6 kobolds
  A quokka (D:2)
  4 bats
  2 frilled lizards
  4 rats
70 creatures vanquished.

Notes
Turn   | Place    | Note
-------+----------+-------------------------------------------
     0 | D:1      | spaghetti the Human Fighter began the quest for the Orb.
     0 | D:1      | Reached XP level 1. HP: 18/18 MP: 1/1
    73 | D:1      | Found a faded altar of an unknown god.
    95 | D:1      | Reached skill level 1 in Stealth
    95 | D:1      | Reached XP level 2. HP: 24/24 MP: 2/2
   106 | D:1      | Prayed at the altar of an unknown god.
   106 | D:1      | Became a worshipper of Makhleb the Destroyer
   106 | D:1      | Reached * piety under Makhleb
   140 | D:1      | You fall into a shaft and drop 1 floor!
   255 | D:2      | Reached XP level 3. HP: 25/29 MP: 3/3
   525 | D:2      | Reached skill level 3 in Short Blades
   593 | D:2      | Reached skill level 1 in Invocations
   769 | D:2      | Reached XP level 4. HP: 31/35 MP: 4/4
   929 | D:2      | Found Anymih's Antique Armour Boutique.
  1063 | D:2      | Found a hazy altar of Hepliaklqana.
  1128 | D:2      | Reached ** piety under Makhleb
  1574 | D:3      | Found a glowing golden altar of the Shining One.
  1692 | D:3      | Reached XP level 5. HP: 34/41 MP: 6/6
  1715 | D:3      | Found a glowing drain.
  1828 | D:3      | Found a shadowy altar of Dithmenos.
  2476 | D:4      | Noticed a black bear
  2605 | D:4      | Reached skill level 4 in Short Blades
  2628 | D:4      | Slain by a howler monkey

Illustrated notes

Levels and vault maps discovered:
D:1:      dpeg_arrival_signposts, layout_rooms, basic_ecumenical_altar,
          serial_shops, nicolae_shop_drivethru
D:2:      minmay_alternating_diamond, layout_loops_corners, serial_shops,
          nicolae_shop_advertising_works [nicolae_subvault_shop_adworks],
          basic_altar
D:3:      layout_loops_ring, nicolae_dithmenos_the_darkroom,
          mainiacjoe_overflow_surrounded_room, portal_sewer_entry_b
D:4:      layout_rooms, grunt_temple_overflow_diamond,
          minmay_temple_entry_slanted, minmay_divided_ellipse

Skill      XL: |  1  2  3  4  5 |
---------------+----------------+-----
Stealth        | 1 2 3 |  3.5
Short Blades   | 3 4 |  4.0
Invocations    | 1 2 |  2.8
Fighting       | |  3.0
Armour         | |  3.0
Shields        | |  3.0

Action                     |  1- 3 |  4- 6 || total
---------------------------+-------+-------++-------
  Melee: Rapier            |   109 |   203 ||   312
         Dagger            |       |    41 ||    41
 Invoke: Minor Destruction |       |     5 ||     5
  Evoke: Wand              |       |     1 ||     1
    Use: Scroll            |       |     8 ||     8
         Potion            |       |     5 ||     5
 Armour: Scale mail        |    55 |   178 ||   233
  Dodge: Dodged            |    38 |    68 ||   106
  Block: Buckler           |    22 |    59 ||    81
